 Seeded DCSS version 0.27.1-33-g824d729ab1 (webtiles) character file.

Game seed: 12500786641603523225 (custom seed)

4421 croobank the Ducker (level 10, -2/58 HPs)
             Began as an Octopode Monk on Dec 5, 2021.
             Was the Champion of Ru.
             Slain by a yak (12 damage)
             ... on level 8 of the Dungeon.
             The game lasted 00:55:57 (9120 turns).

croobank the Ducker (Octopode Monk)                 Turns: 9120, Time: 00:55:57

Health: -2/58      AC:  5    Str: 13    XL:     10   Next: 36%
Magic:  24/24      EV: 15    Int: 13    God:    Ru [******]
Gold:   308        SH:  0    Dex: 15    Spells: 14/16 levels left

rFire    + . .     SeeInvis .   a - +4 hand axe (pain)
rCold    . . .     Faith    +   (no shield)
rNeg     + + .     Spirit   .   (helmet restricted)
rPois    .         Reflect  .   l - amulet of faith
rElec    .         Harm     .   o - ring of positive energy
rCorr    .         Rampage  .   v - ring of positive energy
Will     .....                  H - +4 ring of protection
Stlth    ++++......             I - ring of protection from cold
HPRegen  0.19/turn              N - ring of magical power
MPRegen  0.19/turn              p - ring of fire
                                O - ring of wizardry
                                (no ring)

@: overwhelmed with horror
A: almost no armour, amphibious, 8 rings, camouflage 1, frail 1, gelatinous body
1, inability to use devices, cowardly, weak-willed 1, (nimble swimmer 1),
tentacles
a: Renounce Religion, Draw Out Power, Power Leap, Apocalypse


You were on level 8 of the Dungeon.
You worshipped Ru.
Ru was exalted by your worship.
You visited 1 branch of the dungeon, and saw 8 of its levels.

You collected 308 gold pieces.

Inventory:

Hand Weapons
 a - a +4 hand axe of pain (weapon)
 b - a +2 hunting sling of flaming
 z - a +2 dagger of electrocution
 J - a +0 shortbow
 L - a +1 spear of freezing
Missiles
 d - 246 stones
 e - 59 bolts
 h - 96 arrows
 j - 75 sling bullets
 m - 51 poisoned darts
 r - 7 boomerangs
 B - 3 atropa-tipped darts (quivered)
Magical Staves
 k - a staff of death
Jewellery
 i - an amulet of guardian spirit
 l - an amulet of faith (around mantle)
 o - a ring of positive energy (left tentacle)
 p - a ring of fire (on tentacle)
 v - a ring of positive energy (right tentacle)
 H - a +4 ring of protection (on tentacle)
 I - a ring of protection from cold (on tentacle)
 N - a ring of magical power (on tentacle)
 O - a ring of wizardry (on tentacle)
Wands
 F - a wand of iceblast (8)
 G - a wand of digging (4)
Scrolls
 f - 7 scrolls of teleportation {teleportation}
 n - 3 scrolls of identify {identify}
 s - a scroll of blinking {blink}
 u - a scroll of immolation {immolation, unknown}
 w - 7 scrolls of enchant armour {enchant armour, unknown}
 x - a scroll of amnesia {amnesia, unknown}
 y - a scroll of holy word {holy word, unknown}
 D - a scroll of fear {fear, unknown}
 E - 2 scrolls of magic mapping {magic mapping, unknown}
 M - a scroll of brand weapon {brand weapon, unknown}
Potions
 g - a potion of might {might}
 q - a potion of ambrosia {ambrosia, unknown}
 t - 2 potions of brilliance {brilliance, unknown}
 A - 5 potions of curing {curing}
 K - a potion of cancellation {cancellation, unknown}
 P - a potion of haste {unknown}


   Skills:
 + Level 4.7 Fighting
 + Level 3.2(3.8) Short Blades
 + Level 2.8(3.5) Long Blades
 + Level 2.8(3.9) Axes
 + Level 2.6(3.9) Maces & Flails
 + Level 2.8(4.0) Polearms
 + Level 3.1(4.1) Staves
 + Level 2.9(3.6) Slings
 + Level 2.7 Bows
 + Level 2.6 Crossbows
 + Level 3.1(3.6) Throwing
 * Level 5.3 Dodging
 + Level 4.8 Stealth
 + Level 3.1 Shields
 + Level 4.2 Unarmed Combat
 + Level 3.6 Spellcasting
 + Level 2.6 Conjurations
 + Level 2.5 Hexes
 + Level 2.8 Summonings
 + Level 3.2 Necromancy
 + Level 3.1 Translocations
 + Level 2.6 Transmutations
 + Level 2.8 Fire Magic
 + Level 2.8 Ice Magic
 + Level 2.9 Air Magic
 + Level 2.4 Earth Magic
 + Level 3.2 Poison Magic
 + Level 3.2 Invocations
   Level 0.0 Evocations


You had 14 spell levels left.
You knew the following spells:

 Your Spells              Type           Power      Damage    Failure   Level
a - Poisonous Vapours     Pois/Air       10%        N/A       3%          2

Your spell library contained the following spells:

 Spells                   Type           Power      Damage    Failure   Level
 Pain                     Necr           20%        1d5       2%          1
 Blink                    Tloc           N/A        N/A       3%          2
 Corpse Rot               Necr/Air       N/A        N/A       3%          2
 Inner Flame              Hex/Fire       7%         N/A       9%          3
 Cause Fear               Hex            2%         N/A       28%         4
 Agony                    Necr           5%         N/A       50%         5
 Excruciating Wounds      Necr           2%         N/A       50%         5
 Manifold Assault         Tloc           5%         N/A       52%         5
 Freezing Cloud           Conj/Ice/Air   2%         6-21      56%         5
 Storm Form               Tmut/Air       2%         N/A       100%        7
 Discord                  Hex            2%         N/A       100%        8


Dungeon Overview and Level Annotations

Branches:
Dungeon (8/15)             Temple (0/1) D:5
   Lair: D:8-11

Altars:
Ru
Wu Jian
The Shining One

Shops:
D:5 (   D:7 *


Innate Abilities, Weirdness & Mutations

You cannot wear most types of armour.
You are amphibious.
You can wear up to eight rings at the same time.
Your skin changes colour to match your surroundings (Stealth+).
You are frail. (-10% HP)
Your rubbery body absorbs attacks. (AC +1, EV +1)
You cannot study or use magical devices.
Your cowardice makes you less effective in combat with threatening monsters.
You are slightly weak-willed. (Will-)
((You are camouflaged near water. (Stealth+)))
You have tentacles for arms and can constrict up to eight enemies at once.


Message History

You closely miss the yak. You squeeze the yak, but do no damage.
The yak is heavily wounded.
The yak misses you.
Monsters!
Monsters everywhere!
You have to get out of here!
You barely miss the yak.
The yak is heavily wounded.
The yak gores you!
You focus your inner power and blind the yak in retribution!
You hit the yak but do no damage.
The yak is heavily wounded.
The yak completely misses you.
You strike the helpless yak from behind!
You hit the yak but do no damage.
The yak writhes in agony.
The yak is heavily wounded.
Monsters!
Monsters everywhere!
You have to get out of here!
You hit the yak but do no damage.
The yak is lightly wounded.
The yak gores you!
You focus your inner power and paralyse the yak in retribution!
The helpless yak fails to defend itself.
You hit the yak.
The yak writhes in agony.
You squeeze the yak.
The yak is heavily wounded.
Monsters!
Monsters everywhere!
You have to get out of here!
The helpless yak fails to defend itself.
You hit the yak but do no damage.
The yak is heavily wounded.
The yak is no longer blind.
The yak is no longer paralysed.
You hit the yak but do no damage.
The yak is heavily wounded.
The yak gores you!
Monsters!
Monsters everywhere!
You have to get out of here!
You hit the yak but do no damage.
The yak is heavily wounded.
The yak gores you!
* * * LOW HITPOINT WARNING * * *
You hit the yak.
The yak writhes in agony.
The yak is severely wounded.
The yak gores you!
You die...

#.#### #....#
####.# .
#.###########. .:
#.....>..........
######.####......
#.# .....
#.####OY....
#..@YYYY....
#.########.# #.#
#+#


You could see a two-headed ogre and 5 yaks.

Vanquished Creatures
  Pikel (D:6)
  Joseph (D:7)
  Grinder (D:4)
  A yak (D:5)
  A black bear (D:7)
  An orc warrior (D:7)
  3 ice beasts
  A necrophage (D:5)
  2 ogres (D:5)
  2 centaurs
  A lemure (D:6)
  A kobold brigand (D:7)
  A bullfrog (D:7)
  3 scorpions
  A water moccasin zombie (D:5)
  A wyvern skeleton (D:5)
  A water moccasin skeleton (D:5)
  A killer bee (D:7)
  4 hounds
  6 jellies
  2 orc priests
  3 gnoll shamans
  3 centaur skeletons (D:7)
  Jessica (D:2)
  4 bullfrog skeletons
  Natasha (twice) (D:2)
  An orc wizard (D:6)
  An iguana (D:7)
  Robin (D:4)
  11 gnolls
  8 adders
  3 shadow imps
  3 white imps
  An ufetubus (D:7)
  2 worms
  10 orcs
  4 bats
  8 endoplasms
  7 giant cockroaches
  15 goblins
  8 hobgoblins
  4 quokkas
  11 ball pythons
  2 frilled lizards
  A goblin skeleton (D:6)
  2 goblin zombies (D:6)
  2 hobgoblin zombies (D:6)
  8 kobolds
  2 kobold skeletons (D:6)
  A kobold zombie (D:6)
  An orc skeleton (D:6)
  2 rats
168 creatures vanquished.

Vanquished Creatures (others)
  A bullfrog (D:6)
1 creature vanquished.

Grand Total: 169 creatures vanquished

Notes
Turn   | Place    | Note
-------+----------+-------------------------------------------
     0 | D:1      | croobank the Octopode Monk began the quest for the Orb.
     0 | D:1      | Reached XP level 1. HP: 16/16 MP: 1/1
    98 | D:1      | Reached XP level 2. HP: 16/21 MP: 2/2
   854 | D:2      | Reached XP level 3. HP: 20/26 MP: 1/3
   985 | D:2      | Reached XP level 4. HP: 31/31 MP: 4/4
  1049 | D:2      | Found a faded altar of an unknown god.
  1063 | D:2      | Became a worshipper of Ru the Awakened
  1078 | D:2      | Gained mutation: You are slightly weak-willed. (Will-) [Ru
                  | sacrifice]
  1078 | D:2      | Reached * piety under Ru
  1078 | D:2      | Reached ** piety under Ru
  1247 | D:2      | Noticed Jessica
  1253 | D:2      | Killed Jessica
  1254 | D:2      | Reached skill level 1 in Necromancy
  1254 | D:2      | Reached skill level 1 in Ice Magic
  1413 | D:2      | Reached skill level 1 in Short Blades
  1413 | D:2      | Reached skill level 1 in Long Blades
  1413 | D:2      | Reached skill level 1 in Axes
  1413 | D:2      | Reached skill level 1 in Maces & Flails
  1413 | D:2      | Reached skill level 1 in Polearms
  1413 | D:2      | Reached skill level 1 in Staves
  1413 | D:2      | Reached skill level 1 in Slings
  1413 | D:2      | Reached skill level 1 in Bows
  1413 | D:2      | Reached skill level 1 in Crossbows
  1413 | D:2      | Reached skill level 1 in Throwing
  1413 | D:2      | Reached skill level 4 in Dodging
  1413 | D:2      | Reached skill level 1 in Shields
  1413 | D:2      | Reached skill level 1 in Conjurations
  1413 | D:2      | Reached skill level 1 in Hexes
  1413 | D:2      | Reached skill level 1 in Summonings
  1413 | D:2      | Reached skill level 1 in Transmutations
  1413 | D:2      | Reached skill level 1 in Fire Magic
  1413 | D:2      | Reached skill level 1 in Air Magic
  1413 | D:2      | Reached skill level 1 in Earth Magic
  1413 | D:2      | Reached skill level 1 in Evocations
  1413 | D:2      | Reached XP level 5. HP: 37/37 MP: 4/8
  1482 | D:2      | Noticed Natasha
  1486 | D:2      | Killed Natasha
  1487 | D:2      | Reached XP level 6. HP: 43/43 MP: 9/9
  1599 | D:2      | Noticed Natasha
  1607 | D:2      | Killed Natasha
  2823 | D:4      | Noticed Robin
  2840 | D:4      | Killed Robin
  3013 | D:4      | Reached XP level 7. HP: 25/48 MP: 10/10
  3282 | D:4      | Noticed Grinder
  3293 | D:4      | Killed Grinder
  3319 | D:4      | Gained mutation: Your cowardice makes you less effective in
                  | combat with threatening monsters. [Ru sacrifice]
  3319 | D:4      | Reached *** piety under Ru
  3613 | D:4      | Reached skill level 5 in Dodging
  3613 | D:4      | Reached XP level 8. HP: 54/54 MP: 10/13
  3892 | D:5      | Entered Level 5 of the Dungeon
  4112 | D:5      | Found Ziraydd's Antique Weapon Shop.
  4258 | D:5      | Found a staircase to the Ecumenical Temple.
  4445 | D:5      | Reached XP level 9. HP: 43/59 MP: 14/14
  5265 | D:6      | HP: 2/59 [gnoll (8)]
  6183 | D:6      | Found a glowing golden altar of the Shining One.
  6201 | D:6      | Gained mutation: You are frail. (-10% HP) [Ru sacrifice]
  6201 | D:6      | Reached **** piety under Ru
  6207 | D:6      | Learned a level 2 spell: Poisonous Vapours
  6493 | D:6      | Noticed Pikel
  6518 | D:6      | Killed Pikel
  6526 | D:6      | HP: 2/53 [something/magic dart (8)]
  7126 | D:7      | Found Resitagokao's Retail Resort.
  7174 | D:7      | Reached XP level 10. HP: 54/58 MP: 15/15
  7435 | D:7      | Noticed Joseph
  8096 | D:7      | Killed Joseph
  8515 | D:7      | Found an ornate altar of the Wu Jian Council.
  8729 | D:7      | Gained mutation: You cannot study or use magical devices.
                  | [Ru sacrifice]
  8729 | D:7      | Reached ***** piety under Ru
  8729 | D:7      | Reached ****** piety under Ru
  9095 | D:8      | Noticed a two-headed ogre
  9120 | D:8      | Slain by a yak

Illustrated notes

Levels and vault maps discovered:
D:1:      nicolae_arrival_memento_mori, layout_rooms,
          chequers_serial_rivers_micro_c
D:2:      layout_loops_corners, hellmonk_ecumenical_altar_leap_of_faith,
          serial_bayou_pond_e, grunt_ministairs_2, minmay_tetromino_s4,
          uniq_jessica, uniq_natasha
D:3:      layout_rooms, serial_glass, glass_columns_c, glass_columns_b,
          glass_columns_a, glass_columns_a, glass_columns_c, glass_columns_c,
          due_unseen_surprise
D:4:      layout_basic, chequers_serial_rivers_large_b, uniq_robin, uniq_grinder
D:5:      layout_loops_ring, minmay_temple_entry_glass, serial_shops,
          shop_fountains, minmay_divided_ellipse
D:6:      layout_rooms, nicolae_tso_besieged_by_evil, portal_sewer_entry_f,
          uniq_pikel
D:7:      layout_cave_pods, nrook_pool_corridor, nicolae_alphabet_shops,
          minmay_ruined_shrine, uniq_joseph
D:8:      layout_basic, lair_entry_dummy, serial_shops, nicolae_shop_crystal

Skill      XL: |  1  2  3  4  5  6  7  8  9 10 |
---------------+-------------------------------+-----
Necromancy     | 2 3 |  3.2
Ice Magic      | 2 |  2.8
Fighting       | 4 |  4.7
Short Blades   | 1 3 |  3.2
Long Blades    | 1 2 |  2.8
Axes           | 1 2 |  2.8
Maces & Flails | 1 2 |  2.6
Polearms       | 1 2 |  2.8
Staves         | 1 2 3 |  3.1
Slings         | 1 2 |  2.9
Bows           | 1 2 |  2.7
Crossbows      | 1 2 |  2.6
Throwing       | 1 2 3 |  3.1
Dodging        | 4 5 |  5.3
Stealth        | 3 4 |  4.8
Shields        | 1 2 3 |  3.1
Spellcasting   | 2 3 |  3.6
Conjurations   | 1 2 |  2.6
Hexes          | 1 2 |  2.5
Summonings     | 1 2 |  2.8
Translocations | 2 3 |  3.1
Transmutations | 1 2 |  2.6
Fire Magic     | 1 2 |  2.8
Air Magic      | 1 2 |  2.9
Earth Magic    | 1 2 |  2.4
Poison Magic   | 2 3 |  3.2
Invocations    | 2 3 |  3.2
Evocations     | 1 2 3 0 |  0.0
Unarmed Combat | 4 |  4.2

Action                   |  1- 3 |  4- 6 |  7- 9 | 10-12 || total
-------------------------+-------+-------+-------+-------++-------
Melee: Unarmed           |    14 |       |       |       ||    14
       Constrict         |     8 |    25 |    33 |    17 ||    83
       Tentacles         |     9 |    31 |    37 |    25 ||   102
       Punch             |     2 |     1 |     6 |     4 ||    13
       Dagger            |    30 |    58 |       |       ||    88
       Hand axe          |       |    51 |   202 |    95 ||   348
 Fire: Hunting sling     |       |       |       |     3 ||     3
Throw: Dart              |       |       |     2 |     3 ||     5
Invok: Sacrifice Essence |       |     1 |       |       ||     1
       Sacrifice Courage |       |       |     1 |       ||     1
       Power Leap        |       |       |     1 |       ||     1
       Sacrifice Health  |       |       |     1 |       ||     1
       Sacrifice Artific |       |       |       |     1 ||     1
Evoke: Wand              |       |       |     1 |       ||     1
  Use: Potion            |       |     2 |     4 |     2 ||     8
       Scroll            |       |     1 |     3 |     2 ||     6
 Stab: Sleeping          |    10 |    14 |    12 |     1 ||    37
       Distracted        |       |     1 |       |     1 ||     2
       Invisible         |       |       |     3 |     1 ||     4
       Paralysed         |       |       |       |     4 ||     4
Armor: Skin              |       |     6 |    22 |    13 ||    41
Dodge: Dodged            |    20 |    71 |   119 |    60 ||   270
